 Dungeon Crawl Stone Soup version 0.31.0-7-gf635a9b802 (webtiles) character file.

Game seed: 2489310466848780932

522 Arctor the Shooter (level 7, -1/41 HPs)
             Began as a Kobold Hexslinger on Jan 24, 2024.
             Slain by an orc warrior
             ... wielding a +1 halberd of protection
              (7 damage)
             ... on level 4 of the Dungeon.
             The game lasted 00:05:20 (3488 turns).

Arctor the Shooter (Kobold Hexslinger)              Turns: 3488, Time: 00:05:20

Health: -1/41      AC:  3    Str:  9    XL:     7   Next: 46%
Magic:  8/12       EV: 17    Int: 14    God:
Gold:   186        SH:  0    Dex: 18    Spells: 10/12 levels left

rFire   . . .        d - +2 short sword (vamp)
rCold   . . .        (no shield)
rNeg    . . .        h - +1 robe {Will+}
rPois   .            (helmet restricted)
rElec   .            g - +0 cloak
rCorr   .            (no gloves)
SInv    .            (no boots)
Will    .....        (no amulet)
Stlth   +++          (no ring)
HPRegen 0.26/turn    (no ring)
MPRegen 0.13/turn

%: no passive effects
@: weak-willed, jinxed
A: small, no large weapons, nightstalker 3, horns 1, deformed body, strong 1
a: no special abilities


You were on level 4 of the Dungeon.
You visited 1 branch of the dungeon, and saw 4 of its levels.

You collected 186 gold pieces.

Inventory:

Hand Weapons
 a - a +1 sling
 d - a +2 vampiric short sword (weapon)
Missiles
 l - 2 atropa-tipped darts (quivered)
Armour
 c - a +0 robe
 g - a +0 cloak (worn)
 h - a +1 robe of willpower (worn)
Talismans
 k - a talisman of death
Scrolls
 b - 2 scrolls of poison
 f - a scroll of fear
 j - a scroll of fog {unknown}
Potions
 e - 2 potions of mutation
 i - 2 potions of brilliance {unknown}
 m - a potion of enlightenment {unknown}
 n - a potion of cancellation {unknown}


   Skills:
 + Level 3.6 Fighting
 + Level 5.0 Ranged Weapons
 + Level 4.5 Dodging
 + Level 3.3 Spellcasting
 + Level 4.3 Hexes
 - Level 1.1 Fire Magic


You had 10 spell levels left.
You knew the following spells:

 Your Spells              Type           Power      Damage    Failure   Level
a - Jinxbite              Hex            28%        N/A       5%          2

Your spell library contained the following spells:

 Spells                   Type           Power      Damage    Failure   Level
 Sigil of Binding         Hex            14%        N/A       11%         3
 Apportation              Tloc           4%         N/A       21%         1
 Necrotise                Necr           8%         1d4       21%         1
 Sting                    Conj/Alch      8%         1d3       21%         1
 Summon Small Mammal      Summ           8%         N/A       21%         1
 Inner Flame              Hex/Fire       10%        N/A       21%         3
 Cause Fear               Hex            7%         N/A       34%         4
 Dimensional Bullseye     Hex/Tloc       4%         N/A       63%         4


Dungeon Overview and Level Annotations

Branches:
Dungeon (4/15)
 Temple: D:4-7

Altars:
Dithmenos
Hepliaklqana
Uskayaw
Vehumet


Innate Abilities, Weirdness & Mutations

You are small and have problems with some larger weapons.
You are completely attuned to the shadows.
You have a pair of small horns on your head.
Armour fits poorly on your strangely shaped body.
Your muscles are strong. (Str +4, Int/Dex -1)


Message History

The orc completely misses you. The orc closely misses you.
The orc wizard attacks as it pursues you!
The orc wizard closely misses you.
You barely miss the orc wizard.
You headbutt the orc wizard, but do no damage.
The orc wizard is severely wounded.
A giggling sprite leaps out and makes the orc wizard trip over its own feet.
The orc wizard is almost dead.
The jinxing sprites lose interest in you.
The orc wizard points at you and mumbles some strange words.
You easily resist.
You hit the orc wizard but do no damage.
The orc wizard is almost dead.
The orc wizard closely misses you. The orc hits you with a +0 flail.
The orc warrior completely misses you.
You hit the orc wizard but do no damage.
The orc wizard is almost dead.
The orc wizard hits you but does no damage.
The orc hits you with a +0 flail!
* * * LOW HITPOINT WARNING * * *
The orc warrior hits you but does no damage.
Casting: Jinxbite (safe; 5% risk of failure)
Confirm with . or Enter, or press ? or * to list all spells.
You beckon some vexing sprites to accompany your attacks.
You feel your willpower being sapped. The orc wizard completely misses you.
The orc warrior barely misses you. The orc barely misses you.
You hit the orc wizard.
You kill the orc wizard!
The orc warrior completely misses you. The orc hits you with a +0 flail.
* * * LOW HITPOINT WARNING * * *
The orc warrior attacks as it pursues you!
The orc warrior misses you.
The orc warrior attacks as it pursues you!
The orc warrior barely misses you.
You hit the orc but do no damage.
The orc is moderately wounded.
The orc hits you with a +0 flail.
* * * LOW HITPOINT WARNING * * *
The orc warrior hits you from afar with a +1 halberd of protection!
You die...

.....## #..... ..
.....# .. ####.#
#.# ###.# ###...#
......## ###.
.......## ###....
.......<##
##.@....
....##...##
##oo.##..
...####...###)o###
#.. ##.....o##
#......## #...$..#
#.......#
...#+#...# ..
#...#


You could see an orc warrior and 3 orcs.

Vanquished Creatures
  Grinder (D:3)
  A scorpion (D:4)
  A howler monkey (D:3)
  2 orc priests
  An iguana (D:3)
  An orc wizard (D:4)
  Robin (D:3)
  4 adders
  5 dart slugs
  7 orcs
  8 ball pythons
  4 bats
  6 endoplasms
  2 giant cockroaches
  10 goblins
  5 hobgoblins
  4 jackals (D:2)
  4 quokkas
  4 frilled lizards
  7 kobolds
  A rat (D:3)
79 creatures vanquished.

Notes
Turn   | Place    | Note
-------+----------+-------------------------------------------
     0 | D:1      | Arctor the Kobold Hexslinger began the quest for the Orb.
     0 | D:1      | Reached XP level 1. HP: 12/12 MP: 2/2
    53 | D:1      | Reached XP level 2. HP: 14/16 MP: 3/3
    56 | D:1      | Learned a level 2 spell: Jinxbite
   222 | D:1      | Reached skill level 3 in Ranged Weapons
   298 | D:1      | Reached XP level 3. HP: 20/20 MP: 5/5
   751 | D:2      | Reached XP level 4. HP: 26/26 MP: 6/6
  1136 | D:2      | Found a radiant altar of Vehumet.
  1298 | D:2      | Found a faded altar of an unknown god.
  1576 | D:3      | Noticed Grinder
  1583 | D:3      | Paralysed by Grinder for 5 turns
  1593 | D:3      | Paralysed by Grinder for 3 turns
  1601 | D:3      | Paralysed by Grinder for 4 turns
  1618 | D:3      | Killed Grinder
  1619 | D:3      | Reached skill level 4 in Ranged Weapons
  1619 | D:3      | Reached XP level 5. HP: 10/32 MP: 1/9
  1619 | D:3      | Reached XP level 6. HP: 11/37 MP: 1/10
  2291 | D:3      | Found a hide-covered altar of Uskayaw.
  2298 | D:3      | Reached XP level 7. HP: 39/41 MP: 11/11
  2497 | D:3      | Noticed Robin
  2531 | D:3      | Killed Robin
  2806 | D:4      | Gained mutation: Your muscles are strong. (Str +4, Int/Dex
                  | -1) [potion of mutation]
  2806 | D:4      | Gained mutation: Armour fits poorly on your strangely
                  | shaped body. [potion of mutation]
  2806 | D:4      | Gained mutation: You have a pair of small horns on your
                  | head. [potion of mutation]
  3033 | D:4      | Found a hazy altar of Hepliaklqana.
  3034 | D:4      | Found a shadowy altar of Dithmenos.
  3034 | D:4      | Noticed a shadow
  3140 | D:4      | Reached skill level 5 in Ranged Weapons
  3488 | D:4      | Slain by an orc warrior

Illustrated notes

Levels and vault maps discovered:
D:1:      heliophobic_arrival_enchanted_forest, layout_rooms,
          minmay_crystal_water
D:2:      layout_basic, nicolae_ecumenical_oubliette, basic_altar
D:3:      layout_loops_ring, nicolae_uskayaw_murder_on_the_dancefloor,
          uniq_grinder, uniq_robin
D:4:      wad_crossroads, layout_layer_cave,
          riverfiend_overflow_shadow_ancestor, lemuel_round_altar,
          mainiacjoe_overflow_surrounded_room, enter_ossuary_3, uniq_sigmund

Skill      XL: |  1  2  3  4  5  6  7 |
---------------+----------------------+-----
Ranged Weapons | 3 4 5 |  5.0
Dodging        | 3 4 |  4.5
Fighting       | 3 |  3.6
Spellcasting   | 2 3 |  3.3
Hexes          | 4 |  4.3
Fire Magic     | |  1.1

Action                     |  1- 3 |  4- 6 |  7- 9 || total
---------------------------+-------+-------+-------++-------
  Melee: Short sword       |       |    57 |    81 ||   138
         Headbutt          |       |       |     6 ||     6
         Punch             |       |       |     2 ||     2
   Fire: Sling             |    80 |    45 |       ||   125
   Cast: Jinxbite          |     1 |     8 |     8 ||    17
    Use: Scroll            |       |     3 |     2 ||     5
         Potion            |       |     2 |     2 ||     4
   Stab: Sleeping          |       |     5 |     5 ||    10
         Distracted        |       |       |     1 ||     1
 Armour: Robe              |    25 |    46 |    59 ||   130
  Dodge: Dodged            |    40 |    74 |   104 ||   218
